 Dungeon Crawl Stone Soup version 0.29.1-15-g9cfb28693d (webtiles) character file.

Game seed: 12794590317523769161

126 leafyfresh the Sneak (level 5, -1/37 HPs)
             Began as an Octopode Delver on Mar 5, 2023.
             Slain by a wight
             ... wielding a +0 mace
              (8 damage)
             ... on level 6 of the Dungeon.
             The game lasted 00:01:04 (159 turns).

leafyfresh the Sneak (Octopode Delver)               Turns: 159, Time: 00:01:04

Health: -1/37      AC:  1    Str: 11    XL:     5   Next: 9%
Magic:  5/5        EV: 14    Int: 14    God:
Gold:   21         SH:  0    Dex: 14    Spells: 4/4 levels left

rFire   . . .      SeeInvis .   a - +0 short sword
rCold   . . .      Faith    .   (no shield)
rNeg    . . .      Spirit   .   (helmet restricted)
rPois   .          Reflect  .   (no amulet)
rElec   .          Harm     .   (no ring)
rCorr   .          Rampage  .   (no ring)
Will    .....                   (no ring)
Stlth   +++++.....              (no ring)
HPRegen 0.12/turn               (no ring)
MPRegen 0.09/turn               (no ring)
                                (no ring)
                                (no ring)

@: no status effects
A: almost no armour, amphibious, 8 rings, camouflage 1, gelatinous body 1,
(nimble swimmer 1), tentacles
a: no special abilities


You were on level 6 of the Dungeon.
You visited 1 branch of the dungeon, and saw 2 of its levels.

You collected 21 gold pieces.

Inventory:

Hand Weapons
 a - a +0 short sword (weapon)
Jewellery
 i - an amulet of the acrobat
Wands
 f - a wand of digging (3)
Scrolls
 b - a scroll of fog
 c - 2 scrolls of magic mapping
 g - a scroll of blinking {unknown}
Potions
 e - a potion of haste
 h - a potion of might {unknown}


   Skills:
 + Level 4.0 Fighting
 - Level 2.0 Short Blades
 + Level 3.3 Dodging
 + Level 7.7 Stealth


You had 4 spell levels left.
You didn't know any spells.
Your spell library was empty.

Dungeon Overview and Level Annotations

Branches:
Dungeon (6/15)
 Temple: D:4-7

Altars:
Vehumet

Shops:
D:5 *


Innate Abilities, Weirdness & Mutations

You cannot wear most types of armour.
You are amphibious.
You can wear up to eight rings at the same time.
Your skin changes colour to match your surroundings (Stealth+).
Your rubbery body absorbs attacks. (AC +1, EV +1)
((You are camouflaged when in or above water. (Stealth+)))
You have tentacles for arms and can constrict up to eight enemies at once.


Message History

You feel clever. x2
You have reached level 4!
As you read the scroll of fear, it crumbles to dust.
You assume a fearsome visage.
The kobold looks frightened! x9
The kobold yells at you, "GO AWAY!"
The kobold almost stumbles in trying to escape.
Unknown command.
You hit the kobold but do no damage.
Your attack snaps the kobold out of its fear.
Your grab misses the kobold. You squeeze the kobold.
You kill the kobold!
The kobold blubbers, "Help meeeeeeee!"
Unknown command.
The kobold gives up.
The kobold throws a stone.
The stone misses you.
The kobold hits something with a +0 short sword.
The kobold hits the plant with a +0 whip.
The plant begins to die.
The kobold throws a stone.
The stone misses you.
You see here a +0 dagger.
The kobold throws a stone.
The stone closely misses you.
There is a stone staircase leading down here.
You climb downwards.
Found a potion of haste and a scroll labelled ODEITI BAEH GAGO.
Found a radiant altar of Vehumet.
There is a stone staircase leading up here.
There are monsters nearby!
Unknown command.
The helpless wight fails to defend itself.
You puncture the wight!
You destroy the wight!
Your Fighting skill increases to level 4!
You have reached level 5!
You feel agile.
You start putting on your amulet.
You continue putting on your amulet of the acrobat.
The jelly quivers.
You continue putting on your amulet of the acrobat. x3
The wight hits you with a +0 mace!
You die...

. .P.
.....######
._....J@.?#
......)z.......
.P.........####
......z....#
..........##
......z..##
.#########


You could see a jelly and 3 wights.

Vanquished Creatures
  A kobold brigand (D:5)
  A wight (D:6)
  9 kobolds (D:5)
11 creatures vanquished.

Vanquished Creatures (others)
  19 plants (D:5)
19 creatures vanquished.

Grand Total: 30 creatures vanquished

Notes
Turn   | Place    | Note
-------+----------+-------------------------------------------
     0 | D:5      | leafyfresh the Octopode Delver began the quest for the Orb.
     0 | D:5      | Reached XP level 1. HP: 16/16 MP: 1/1
    21 | D:5      | Found Hamuys's Neck Hole.
   108 | D:5      | Noticed a kobold brigand
   115 | D:5      | Reached XP level 2. HP: 18/21 MP: 2/2
   125 | D:5      | HP: 1/21 [kobold brigand/+0 dagger (2)]
   126 | D:5      | Killed a kobold brigand
   127 | D:5      | Reached skill level 7 in Stealth
   127 | D:5      | Reached XP level 3. HP: 2/27 MP: 3/3
   127 | D:5      | Reached XP level 4. HP: 2/33 MP: 4/4
   154 | D:6      | Found a radiant altar of Vehumet.
   156 | D:6      | Reached XP level 5. HP: 6/37 MP: 5/5
   159 | D:6      | Slain by a wight

Illustrated notes

Levels and vault maps discovered:
D:5:      kennysheep_kobold_camp, layout_loops_ring, trog_wizard,
          nicolae_shop_sticking_my_neck_out
D:6:      minmay_general_purpose_star, layout_rooms,
          mainiacjoe_overflow_tiny_flanked, lemuel_coloured_pillars_altar,
          mainiacjoe_overflow_paths, minmay_liquid_box,
          kennysheep_generic_room_6, uniq_blork_the_orc

Skill      XL: |  1  2  3  4 |
---------------+-------------+-----
Dodging        | 3 |  3.3
Stealth        | 7 |  7.7
Fighting       | 4 |  4.0
Short Blades   | |  2.0

Action                   |  1- 3 |  4- 6 || total
-------------------------+-------+-------++-------
Melee: Short sword       |    22 |     2 ||    24
       Constrict         |     3 |       ||     3
       Tentacles         |     2 |     1 ||     3
  Use: Scroll            |       |     1 ||     1
 Stab: Sleeping          |     2 |     1 ||     3
Dodge: Dodged            |    10 |     3 ||    13
